 Dungeon Crawl Stone Soup version 0.30.1-11-g7821555f0a (webtiles) character file.

Game seed: 11351262071104636879

661 ChrisAssaf the Sneak (level 7, 0/49 HPs)
             Began as a Human Enchanter on Oct 31, 2023.
             Was a Priest of Vehumet.
             Slain by a shadow (9 damage)
             ... on level 5 of the Dungeon.
             The game lasted 00:28:45 (5710 turns).

ChrisAssaf the Sneak (Human Enchanter)              Turns: 5710, Time: 00:28:46

Health: 0/49       AC:  2    Str: 17    XL:     7   Next: 86%
Magic:  9/11       EV: 12    Int: 15    God:    Vehumet [***...]
Gold:   288        SH:  0    Dex: 13    Spells: 0/12 levels left

rFire   . . .        p - +2 shortbow (flame)
rCold   . . .        (shield currently unavailable)
rNeg    . . .        b - +0 robe
rPois   .            (no helmet)
rElec   .            (no cloak)
rCorr   .            (no gloves)
SInv    .            (no boots)
Will    .....        (no amulet)
Stlth   ++           f - ring of wizardry
HPRegen 0.28/turn    m - +6 ring of strength
MPRegen 0.12/turn

%: wizardry (x1)
@: no status effects
A: no striking features
a: Renounce Religion


You were on level 5 of the Dungeon.
You worshipped Vehumet.
Vehumet was most pleased with you.
You visited 1 branch of the dungeon, and saw 5 of its levels.
You also visited: Sewer.

You collected 288 gold pieces.

Inventory:

Hand Weapons
 a - a +1 dagger
 p - a +2 shortbow of flaming (weapon)
Armour
 b - a +0 robe (worn)
Jewellery
 c - a ring of protection from fire
 f - a ring of wizardry (left hand)
 g - an amulet of regeneration
 m - a +6 ring of strength (right hand)
 r - a ring of ice
Scrolls
 e - 2 scrolls of vulnerability
 k - a scroll of amnesia
 u - 2 scrolls of fog
Potions
 d - 2 potions of brilliance
 h - a potion of attraction {unknown}
 j - a potion of cancellation {unknown}
 l - 5 potions of flight
 n - a potion of degeneration {unknown}
 o - a potion of haste {unknown}
 s - a potion of mutation {unknown}
 t - a potion of magic {unknown}


   Skills:
 * Level 1.8 Fighting
 * Level 2.1 Short Blades
 * Level 0.6 Ranged Weapons
 * Level 1.2 Throwing
 * Level 1.8 Armour
 * Level 2.6 Dodging
 * Level 4.1 Stealth
 * Level 3.3 Spellcasting
 * Level 1.1 Conjurations
 * Level 3.8 Hexes
 * Level 0.5 Transmutations
 * Level 0.5 Fire Magic
 * Level 1.9 Ice Magic
 * Level 1.0 Air Magic
 * Level 2.0 Earth Magic
 * Level 1.2 Poison Magic
 * Level 1.0 Evocations


You couldn't memorise any spells.
You knew the following spells:

 Your Spells              Type           Power      Damage    Failure   Level
a - Poisonous Vapours     Pois/Air       10%        N/A       2%          2
b - Sandblast             Erth           16%        2d6       1%          1
c - Tukima's Dance        Hex            13%        N/A       4%          3
d - Mephitic Cloud        Conj/Pois/Air  5%         N/A       4%          3
e - Ignite Poison         Fire/Tmut/Pois 4%         N/A       5%          3

Your spell library contained the following spells:

 Spells                   Type           Power      Damage    Failure   Level
 Flame Wave               Conj/Fire      4%         2d5       14%         4
 Magic Dart               Conj           20%        1d4       1%          1
 Dazzling Flash           Conj/Hex       18%        N/A       2%          3
 Ensorcelled Hibernation  Hex/Ice        22%        N/A       3%          2
 Confusing Touch          Hex            13%        N/A       4%          3
 Cigotuvi's Dreadful Rot  Necr/Pois/Air  8%         N/A       9%          2
 Call Imp                 Summ           4%         N/A       12%         2
 Freezing Cloud           Conj/Ice/Air   3%         6-21      30%         5


Dungeon Overview and Level Annotations

Branches:
Dungeon (5/15)              Sewer (visited)
 Temple: D:4-7

Altars:
Elyvilon
Gozag
Trog
Uskayaw
Vehumet
Yredelemnul


Message History

The blast of sand hits the shadow but does no damage.
The shadow is lightly damaged.
The shadow barely misses you. The shadow hits you!
Unknown command.
Casting: Sandblast (safe; 1% risk of failure)
Confirm with . or Enter, or press ? or * to list all spells.
Aiming: Sandblast (safe; 1% risk of failure)
Press: ? - help, Shift-Dir - straight line, f/p - shadow
Aim: a shadow (lightly damaged, 81% to hit)
The blast of sand hits the shadow but does no damage.
The shadow is lightly damaged.
The shadow closely misses you.
Unknown command.
Unknown command.
Fire: p) +2 shortbow (flame)
Press: ? - help, Q - select action, (/) - cycle Shift-Dir - straight line, f/p - shadow
Aim: a shadow (lightly damaged, 59% to hit)
You shoot an arrow. The arrow hits the shadow.
The arrow burns the shadow.
The shadow is moderately damaged.
The shadow hits you.
* * * LOW HITPOINT WARNING * * *
The shadow closely misses you.
You feel better. The shadow hits you!
* * * LOW HITPOINT WARNING * * *
Casting: Sandblast (safe; 1% risk of failure)
Confirm with . or Enter, or press ? or * to list all spells.
Okay, then.
Fire: p) +2 shortbow (flame)
Press: ? - help, Q - select action, (/) - cycle Shift-Dir - straight line, f/p - shadow
Aim: a shadow (moderately damaged, 59% to hit)
You shoot an arrow. The arrow closely misses the shadow.
The shadow barely misses you.
Unknown command.
Fire: p) +2 shortbow (flame)
Press: ? - help, Q - select action, (/) - cycle Shift-Dir - straight line, f/p - shadow
Aim: a shadow (moderately damaged, 59% to hit)
You shoot an arrow. The arrow hits the shadow.
The arrow burns the shadow.
The shadow is heavily damaged.
The shadow hits you!
You die...

#....#....#...# #####
#....#..###..#### #....
#....#######....# #....
#....# #...[..## #....
#....# #......# #....
###....####..#..##
#....###.##.....########
#.....#...#.....#
#.....'..W@.....#
#.....#...#.....#
###########.....#
#######


You could see a shadow.

Vanquished Creatures
  A black bear (D:5)
  A kobold brigand (Sewer)
  A scorpion (D:2)
  An orc priest (D:5)
  A jelly (D:5)
  2 iguanas (D:5)
  An orc wizard (D:5)
  3 adders (D:4)
  5 gnolls
  2 river rats
  An ufetubus (D:4)
  4 worms
  2 dart slugs
  7 orcs
  7 ball pythons
  6 endoplasms
  A giant cockroach (D:4)
  7 goblins
  14 hobgoblins
  7 jackals
  4 quokkas
  8 bats
  5 frilled lizards
  7 kobolds
  12 rats
110 creatures vanquished.

Vanquished Creatures (collateral kills)
  A centaur (D:5)
  A gnoll (D:2)
  3 orcs
  An endoplasm (D:2)
  A hobgoblin (D:4)
  A kobold (D:1)
8 creatures vanquished.

Vanquished Creatures (others)
  A dancing weapon (D:4)
1 creature vanquished.

Grand Total: 119 creatures vanquished

Notes
Turn   | Place    | Note
-------+----------+-------------------------------------------
     0 | D:1      | ChrisAssaf the Human Enchanter began the quest for the Orb.
     0 | D:1      | Reached XP level 1. HP: 13/13 MP: 3/3
    35 | D:1      | Reached XP level 2. HP: 14/19 MP: 5/5
    38 | D:1      | Learned a level 2 spell: Ensorcelled Hibernation
   209 | D:1      | Found a faded altar of an unknown god.
   217 | D:1      | Prayed at the altar of an unknown god.
   217 | D:1      | Became a worshipper of Vehumet
   217 | D:1      | Reached * piety under Vehumet
   217 | D:1      | Offered knowledge of Sandblast by Vehumet.
   347 | D:1      | Reached XP level 3. HP: 19/24 MP: 1/6
   349 | D:1      | Learned a level 1 spell: Sandblast
   353 | D:1      | Learned a level 3 spell: Tukima's Dance
  1153 | D:2      | Reached ** piety under Vehumet
  1153 | D:2      | Offered knowledge of Momentum Strike by Vehumet.
  1362 | D:2      | Noticed a scorpion
  1365 | D:2      | Killed a scorpion
  1366 | D:2      | Reached skill level 1 in Ice Magic
  1366 | D:2      | Reached skill level 1 in Earth Magic
  1366 | D:2      | Reached XP level 4. HP: 31/31 MP: 7/7
  1366 | D:2      | Reached XP level 5. HP: 36/36 MP: 8/8
  1480 | D:2      | Reached skill level 1 in Armour
  1817 | D:2      | Learned a level 3 spell: Mephitic Cloud
  2137 | D:3      | Offered knowledge of Stone Arrow by Vehumet.
  2707 | D:4      | Learned a level 2 spell: Poisonous Vapours
  2714 | D:4      | Reached skill level 1 in Fighting
  2723 | D:4      | Reached XP level 6. HP: 42/43 MP: 6/10
  2738 | D:4      | Found a glowing drain.
  2744 | Sewer    | Entered a sewer
  2750 | Sewer    | Reached *** piety under Vehumet
  2843 | Sewer    | Found a white marble altar of Elyvilon.
  3189 | D:4      | Found a radiant altar of Vehumet.
  3296 | D:4      | Found a white marble altar of Elyvilon.
  4423 | D:5      | Entered Level 5 of the Dungeon
  4454 | D:5      | Reached XP level 7. HP: 25/48 MP: 4/11
  4509 | D:5      | Learned a level 3 spell: Ignite Poison
  4580 | D:5      | Offered knowledge of Flame Wave by Vehumet.
  4581 | D:5      | Reached skill level 1 in Throwing
  4581 | D:5      | Reached skill level 4 in Stealth
  4581 | D:5      | Reached skill level 1 in Poison Magic
  4820 | D:5      | Found a bloodstained altar of Trog.
  4850 | D:5      | Reached skill level 1 in Evocations
  4950 | D:5      | Reached skill level 1 in Conjurations
  4950 | D:5      | Reached skill level 1 in Air Magic
  5333 | D:5      | Found an opulent altar of Gozag.
  5474 | D:5      | Found a basalt altar of Yredelemnul.
  5475 | D:5      | Found a hide-covered altar of Uskayaw.
  5693 | D:5      | Noticed a shadow
  5710 | D:5      | Slain by a shadow

Illustrated notes

Levels and vault maps discovered:
D:1:      onia_arrival_pentagram, layout_rooms,
          dreamdust_ecumenical_altar_statues, skrybe_limestone_x
D:2:      layout_basic, serial_rivers, chequers_serial_rivers_micro_c,
          chequers_serial_rivers_micro_c, chequers_serial_rivers_small_a,
          chequers_serial_rivers_micro_b, chequers_serial_rivers_micro_b,
          chequers_serial_rivers_room_a, kennysheep_generic_room_2
D:3:      layout_loops_ring
D:4:      layout_gridville, mainiacjoe_overflow_catch_the_wave,
          lightli_sewer_entry_pipes, nrook_campfire, minmay_misc_feat_hallway,
          sigmund_army
D:5:      layout_gridville, minitemple, nicolae_gozag_seed_capital

Skill      XL: |  1  2  3  4  5  6  7 |
---------------+----------------------+-----
Ice Magic      | 1 |  1.9
Earth Magic    | 1 2 |  2.0
Armour         | 1 |  1.8
Fighting       | 1 |  1.8
Spellcasting   | 3 |  3.3
Short Blades   | 2 |  2.1
Throwing       | 1 |  1.2
Stealth        | 4 |  4.1
Poison Magic   | 1 |  1.2
Evocations     | 1 |  1.0
Conjurations   | 1 |  1.1
Air Magic      | 1 |  1.0
Ranged Weapons | |  0.6
Dodging        | |  2.6
Hexes          | |  3.8
Transmutations | |  0.5
Fire Magic     | |  0.5

Action                     |  1- 3 |  4- 6 |  7- 9 || total
---------------------------+-------+-------+-------++-------
  Melee: Dagger            |    65 |   121 |     3 ||   189
         Punch             |     2 |     1 |       ||     3
   Fire: Shortbow          |       |       |    32 ||    32
  Throw: Boomerang         |       |    34 |       ||    34
         Throwing net      |       |     2 |     1 ||     3
   Cast: Ensorcelled Hiber |    10 |     4 |       ||    14
         Sandblast         |    29 |    41 |     5 ||    75
         Tukima's Dance    |     3 |    12 |     2 ||    17
         Poisonous Vapours |       |     7 |     4 ||    11
         Mephitic Cloud    |       |     2 |     3 ||     5
         Ignite Poison     |       |       |     3 ||     3
  Evoke: Wand              |       |     6 |       ||     6
    Use: Potion            |     1 |     3 |     3 ||     7
         Scroll            |     3 |     5 |     3 ||    11
   Stab: Sleeping          |    12 |    13 |       ||    25
         Invisible         |     1 |     1 |       ||     2
         Distracted        |     1 |       |       ||     1
 Armour: Robe              |    16 |    26 |     8 ||    50
  Dodge: Dodged            |    55 |   134 |    22 ||   211
